 Dungeon Crawl Stone Soup version 0.30-a0-924-g0ad0bf95bc (webtiles) character file.

Game seed: 7813956691358596365

795 billz999 the Skirmisher (level 7, -5/56 HPs)
             Began as a Gnoll Hunter on Mar 22, 2023.
             Was a Follower of Makhleb.
             Killed from afar by Duvessa (19 damage)
             ... with a bolt of dispelling energy
             ... on level 5 of the Dungeon.
             The game lasted 00:09:51 (4211 turns).

billz999 the Skirmisher (Gnoll Hunter)              Turns: 4211, Time: 00:09:52

Health: -5/56      AC:  4    Str: 11    XL:     7   Next: 89%
Magic:  11/11      EV: 29    Int: 10    God:    Makhleb [*.....]
Gold:   245        SH:  0    Dex: 15    Spells: 9/11 levels left

rFire   . . .      SeeInvis .    a - +1 shortbow
rCold   . . .      Faith    .    (shield currently unavailable)
rNeg    . . .      Spirit   .    c - +0 leather armour
rPois   .          Reflect  .    (no helmet)
rElec   .          Rampage  .    (no cloak)
rCorr   .                        (no gloves)
Will    .....                    j - +0 pair of boots
Stlth   ++                       l - amulet of the acrobat
HPRegen 0.29/turn                (no ring)
MPRegen 0.12/turn                (no ring)

@: acrobatic
A: fangs 1, strong nose, distributed training
a: Renounce Religion


You were on level 5 of the Dungeon.
You worshipped Makhleb.
Makhleb was aware of your devotion.
You visited 1 branch of the dungeon, and saw 5 of its levels.

You collected 245 gold pieces.

Inventory:

Hand Weapons
 a - a +1 shortbow (weapon)
 k - a +0 short sword of freezing
 m - a +0 dagger
 C - a +2 flail of protection
Missiles
 s - a boomerang
 w - a poisoned dart
Armour
 c - a +0 leather armour (worn)
 j - a +0 pair of boots (worn)
Magical Staves
 q - a staff of air
Jewellery
 d - an amulet of regeneration
 l - an amulet of the acrobat (around neck)
 n - a ring of ice
Scrolls
 b - a scroll of immolation
 h - a scroll of silence
 i - 2 scrolls of teleportation
 t - a scroll of enchant weapon
 x - a scroll of summoning {unknown}
 y - a scroll of fog
 A - a scroll of identify
Potions
 e - a potion of lignification
 f - 2 potions of might {unknown}
 g - 3 potions of brilliance {unknown}
 o - 2 potions of mutation {unknown}
 p - 3 potions of flight {unknown}
 r - a potion of curing {unknown}
 u - 2 potions of ambrosia {unknown}
 v - a potion of berserk rage
 z - 3 potions of heal wounds {unknown}
 B - a potion of attraction {unknown}


   Skills:
 + Level 5.4 Fighting
 + Level 2.9 Short Blades
 + Level 2.9 Long Blades
 + Level 2.9 Axes
 + Level 2.9 Maces & Flails
 + Level 2.9 Polearms
 + Level 2.9 Staves
 + Level 9.0 Ranged Weapons
 + Level 2.9 Throwing
 + Level 2.9 Armour
 + Level 5.4 Dodging
 + Level 3.8 Stealth
 + Level 2.9 Shields
 + Level 2.9 Unarmed Combat
 + Level 2.9 Spellcasting
 + Level 2.3 Conjurations
 + Level 2.3 Hexes
 + Level 2.3 Summonings
 + Level 2.3 Necromancy
 + Level 2.3 Translocations
 + Level 2.3 Transmutations
 + Level 2.3 Fire Magic
 + Level 2.3 Ice Magic
 + Level 2.3 Air Magic
 + Level 2.3 Earth Magic
 + Level 2.3 Poison Magic
 + Level 3.2 Invocations
 + Level 2.9 Evocations


You had 9 spell levels left.
You knew the following spells:

 Your Spells              Type           Power      Damage    Failure   Level
a - Ensorcelled Hibernat  Hex/Ice        12%        N/A       21%         2

Your spell library contained the following spells:

 Spells                   Type           Power      Damage    Failure   Level
 Magic Dart               Conj           24%        1d4       14%         1
 Blink                    Tloc           12%        N/A       21%         2
 Call Imp                 Summ           6%         N/A       21%         2
 Lesser Beckoning         Tloc           12%        N/A       21%         2
 Momentum Strike          Conj/Tloc      12%        3d8       21%         2
 Mephitic Cloud           Conj/Pois/Air  6%         N/A       38%         3
 Spider Form              Tmut/Pois      6%         N/A       38%         3
 Tukima's Dance           Hex            6%         N/A       38%         3
 Vhi's Electric Charge    Tloc/Air       12%        N/A       38%         3
 Anguish                  Hex/Necr       3%         N/A       80%         4
 Passage of Golubria      Tloc           6%         N/A       80%         4
 Arcjolt                  Conj/Air       3%         1d13      98%         5
 Yara's Violent Unravell  Hex/Tmut       3%         3d4       98%         5
 Conjure Ball Lightning   Conj/Air       3%         3x3d6     100%        6
 Discord                  Hex            3%         N/A       100%        8
 Disjunction              Tloc           3%         N/A       100%        8
 Maxwell's Capacitive Co  Air            3%         ∞         100%        8


Dungeon Overview and Level Annotations

Branches:
Dungeon (5/15)             Temple (0/1) D:4

Altars:
Dithmenos
Elyvilon
Gozag
Makhleb
Qazlal
Ru
Sif Muna

Annotations:
D:5 Dowan, Duvessa


Innate Abilities, Weirdness & Mutations

You have very sharp teeth.
Your uncanny sense of smell can sniff out nearby items.
Your experience applies equally to all skills.


Message History

You shoot an arrow.
The arrow hits the scorpion but does no damage.
The scorpion is severely wounded.
Dowan hits you but does no damage.
The scorpion stings you but does no damage.
Dowan hits you but does no damage.
You shoot an arrow.
The arrow hits the scorpion but does no damage.
The scorpion is severely wounded.
The scorpion misses you. The scorpion barely misses you.
Dowan hits you with a +0 dagger.
You shoot an arrow. The arrow hits the scorpion!
You kill the scorpion!
Makhleb accepts your kill. Dowan casts a spell at you.
The puff of flame hits you! Dowan attacks as you move away!
Dowan hits you with a +0 dagger.
Found a scroll labelled HEEWIZ YPTINU.
You hear the drain falling apart.
Dowan casts a spell.
Dowan blinks!
The walls and floor vibrate strangely for a moment.
Duvessa, Sister of Dowan comes into view.
She is wielding a +7 rapier of flaming and carrying a wand of quicksilver (5).
You shoot an arrow.
Duvessa shouts!
The arrow hits Duvessa!
Duvessa is moderately wounded.
You shoot an arrow. The arrow barely misses Duvessa.
Duvessa zaps a wand.
The bolt of dispelling energy hits you!
You shoot an arrow.
The arrow hits Duvessa but does no damage.
Duvessa is moderately wounded.
You shoot an arrow. The arrow barely misses Duvessa.
You shoot an arrow. The arrow closely misses Duvessa.
Duvessa zaps a wand.
The bolt of dispelling energy hits you!!
* * * LOW HITPOINT WARNING * * *
Duvessa says, "Beauty is only skin deep, and my weapons penetrate much further than that."
Duvessa zaps a wand.
The bolt of dispelling energy hits you!!
You die...

#.........# #.# #....
#.........###.###....
#....................
###....................
#.'....................
#.#........####'#######
#.#........#..........#
#.#...######........$.#
#.....@.####.......>...
#..(.......e...........
#........###...........
#.........##.....####..
########..##.....######
.....#..##..........
.......e#####........
.###.##.#............
#......#............


You could see Duvessa and Dowan.

Vanquished Creatures
  Edmund (D:5)
  A black bear (D:5)
  A scorpion (D:5)
  A howler monkey (D:5)
  A crimson imp (D:4)
  2 hounds (D:5)
  A jelly (D:5)
  An orc priest (D:3)
  A gnoll bouda (D:4)
  A sleepcap (D:4)
  An iguana (D:4)
  An orc wizard (D:5)
  Natasha (D:3)
  3 gnolls (D:4)
  7 adders
  A white imp (D:4)
  2 worms
  A dart slug (D:4)
  6 orcs
  8 ball pythons
  4 bats
  10 endoplasms
  4 giant cockroaches
  9 goblins
  7 hobgoblins
  4 jackals
  6 kobolds
  4 quokkas
  7 frilled lizards
  4 rats
101 creatures vanquished.

Notes
Turn   | Place    | Note
-------+----------+-------------------------------------------
     0 | D:1      | billz999 the Gnoll Hunter began the quest for the Orb.
     0 | D:1      | Reached XP level 1. HP: 20/20 MP: 1/1
   100 | D:1      | Reached XP level 2. HP: 26/26 MP: 2/2
   364 | D:1      | Reached XP level 3. HP: 31/31 MP: 3/3
   477 | D:1      | Reached skill level 1 in Invocations
   769 | D:2      | Learned a level 2 spell: Ensorcelled Hibernation
   870 | D:2      | Reached skill level 1 in Short Blades
   870 | D:2      | Reached skill level 1 in Long Blades
   870 | D:2      | Reached skill level 1 in Axes
   870 | D:2      | Reached skill level 1 in Maces & Flails
   870 | D:2      | Reached skill level 1 in Polearms
   870 | D:2      | Reached skill level 1 in Staves
   870 | D:2      | Reached skill level 1 in Throwing
   870 | D:2      | Reached skill level 1 in Armour
   870 | D:2      | Reached skill level 1 in Shields
   870 | D:2      | Reached skill level 1 in Unarmed Combat
   870 | D:2      | Reached skill level 1 in Spellcasting
   870 | D:2      | Reached skill level 1 in Evocations
   954 | D:2      | Reached XP level 4. HP: 31/38 MP: 5/5
  1033 | D:2      | Reached skill level 1 in Conjurations
  1033 | D:2      | Reached skill level 1 in Hexes
  1033 | D:2      | Reached skill level 1 in Summonings
  1033 | D:2      | Reached skill level 1 in Necromancy
  1033 | D:2      | Reached skill level 1 in Translocations
  1033 | D:2      | Reached skill level 1 in Transmutations
  1033 | D:2      | Reached skill level 1 in Fire Magic
  1033 | D:2      | Reached skill level 1 in Ice Magic
  1033 | D:2      | Reached skill level 1 in Air Magic
  1033 | D:2      | Reached skill level 1 in Earth Magic
  1033 | D:2      | Reached skill level 1 in Poison Magic
  1471 | D:3      | Reached XP level 5. HP: 34/43 MP: 5/7
  1604 | D:3      | Noticed Natasha
  1724 | D:3      | Killed Natasha
  1878 | D:3      | Found a burning altar of Makhleb.
  1883 | D:3      | Became a worshipper of Makhleb the Destroyer
  1945 | D:3      | You fall into a shaft and drop 1 floor!
  2074 | D:4      | Found a staircase to the Ecumenical Temple.
  2262 | D:3      | Found a white marble altar of Elyvilon.
  2262 | D:3      | Found a stormy altar of Qazlal.
  2270 | D:3      | Found an opulent altar of Gozag.
  2272 | D:3      | Found a sacrificial altar of Ru.
  2274 | D:3      | Found a shadowy altar of Dithmenos.
  2579 | D:4      | Reached XP level 6. HP: 43/50 MP: 8/8
  2756 | D:4      | Reached skill level 5 in Fighting
  2756 | D:4      | Reached skill level 5 in Dodging
  3532 | D:5      | Entered Level 5 of the Dungeon
  3542 | D:5      | Found a shimmering blue altar of Sif Muna.
  3680 | D:5      | Noticed Edmund
  3693 | D:5      | Noticed Dowan
  3743 | D:5      | Noticed a black bear
  3749 | D:5      | Killed a black bear
  3750 | D:5      | Reached XP level 7. HP: 48/56 MP: 10/10
  3874 | D:5      | Reached * piety under Makhleb
  3958 | D:5      | Killed Edmund
  3959 | D:5      | Reached skill level 9 in Ranged Weapons
  4204 | D:5      | Noticed Duvessa
  4211 | D:5      | Killed from afar by Duvessa

Illustrated notes

Levels and vault maps discovered:
D:1:      dpeg_arrival_oval, layout_basic, minmay_tromino_v4_c
D:2:      layout_basic, nicolae_half_adder
D:3:      layout_loops_ring, chequers_temple_overflow_minitemple,
          lightli_temple_of_fire, eino_curves_02, uniq_natasha
D:4:      layout_basic, minmay_temple_entry_antechambers, minmay_fire_ice_demons
D:5:      layout_basic, lemuel_crystal_altar, portal_sewer_entry_e,
          uniq_duvessa, uniq_edmund

Skill      XL: |  1  2  3  4  5  6  7 |
---------------+----------------------+-----
Invocations    | 1 2 3 |  3.2
Short Blades   | 1 2 |  2.9
Long Blades    | 1 2 |  2.9
Axes           | 1 2 |  2.9
Maces & Flails | 1 2 |  2.9
Polearms       | 1 2 |  2.9
Staves         | 1 2 |  2.9
Throwing       | 1 2 |  2.9
Armour         | 1 2 |  2.9
Shields        | 1 2 |  2.9
Unarmed Combat | 1 2 |  2.9
Spellcasting   | 1 2 |  2.9
Evocations     | 1 2 |  2.9
Conjurations   | 1 2 |  2.3
Hexes          | 1 2 |  2.3
Summonings     | 1 2 |  2.3
Necromancy     | 1 2 |  2.3
Translocations | 1 2 |  2.3
Transmutations | 1 2 |  2.3
Fire Magic     | 1 2 |  2.3
Ice Magic      | 1 2 |  2.3
Air Magic      | 1 2 |  2.3
Earth Magic    | 1 2 |  2.3
Poison Magic   | 1 2 |  2.3
Stealth        | 3 |  3.8
Fighting       | 5 |  5.4
Dodging        | 5 |  5.4
Ranged Weapons | 9 |  9.0

Action                     |  1- 3 |  4- 6 |  7- 9 || total
---------------------------+-------+-------+-------++-------
  Melee: Shortbow          |       |     2 |       ||     2
         Bite              |       |     1 |       ||     1
   Fire: Shortbow          |   106 |   183 |    53 ||   342
  Throw: Dart              |       |       |     4 ||     4
    Use: Scroll            |       |    10 |       ||    10
 Armour: Leather armour    |    14 |     9 |     7 ||    30
  Dodge: Dodged            |    23 |    83 |    15 ||   121

Table legend: (Time is in decaauts)
 A = Elapsed time spent in this place.
 B = Non-inter-level travel time spent in this place.
 C = Inter-level travel time spent in this place.
 D = Time resting spent in this place.
 E = Time spent auto-exploring this place.
 F = Levels seen in this place.
 G = Mean time per level.
                   A        B        C        D        E       F      G
               +--------+--------+--------+--------+--------+-----+--------+
         Total |   4249 |   4109 |    140 |    289 |   2765 |   5 |  849.8 |
       Dungeon |   4249 |   4109 |    140 |    289 |   2765 |   5 |  849.8 |
               +--------+--------+--------+--------+--------+-----+--------+

Top non-repeatable levels by time:
     D:4: 1197 daAuts
     D:3: 862 daAuts
     D:2: 765 daAuts
     D:1: 738 daAuts
     D:5: 685 daAuts
